 Dungeon Crawl Stone Soup version 0.29.1-13-g9f3cf754e1 (webtiles) character file.

Game seed: 17736260976649547333

880 hawla the Chiller (level 8, -1/58 HPs)
             Began as a Meteoran Ice Elementalist on Feb 3, 2023.
             Slain by hbarley's ghost (10 damage)
             ... on level 6 of the Dungeon.
             The game lasted 00:12:13 (2433 turns).

hawla the Chiller (Meteoran Ice Elementalist)       Turns: 2433, Time: 00:12:13

Health: -1/58      AC:  5    Str:  9    XL:     8   Next: 50%
Magic:  15/18      EV: 13    Int: 22    God:
Gold:   204        SH:  0    Dex: 20    Spells: 11/19 levels left

rFire   + + .      SeeInvis +   m - +4 hammer "Zosiwn" {holy, Dex+6}
rCold   + + .      Faith    .   (no shield)
rNeg    . . .      Spirit   .   l - +1 robe {rC+ rF+}
rPois   .          Reflect  .   c - +0 helmet
rElec   .          Harm     .   j - scarf {rC+ rF+}
rCorr   .          Rampage  .   d - +0 pair of gloves
Will    +....      Rage     3%  (no boots)
Stlth   +.........              (no amulet)
HPRegen 0.19/turn               e - ring of see invisible
MPRegen 0.16/turn               (no ring)

@: freezing walls, flying, glowing, unable to read
A: sense surroundings 1, otherworldly, glowing, explore regen, berserk 1, clever
1, inability to read after injury 1, MP-powered wands
a: no special abilities


You were on level 6 of the Dungeon.
You visited 1 branch of the dungeon, and saw 6 of its levels.

You collected 204 gold pieces.

Inventory:

Hand Weapons
 m - the +4 hammer "Zosiwn" (weapon) {holy, Dex+6}
   (You found it on level 6 of the Dungeon)

   It has been blessed by the Shining One to cause great damage to the undead
   and demons.
   Dex:       It affects your dexterity (+6).
 n - the +8 hammer of Wyrd {vorpal, Fly rN++}
   (You found it on level 6 of the Dungeon)

   It inflicts extra damage upon your enemies.
   rN:        It greatly protects you from negative energy.
   Fly:       It grants you flight.
Armour
 c - a +0 helmet (worn)
 d - a +0 pair of gloves (worn)
 j - a scarf of resistance (worn)
 l - a +1 robe of resistance (worn)
Jewellery
 e - a ring of see invisible (left hand)
 h - an amulet of guardian spirit
Scrolls
 f - a scroll of enchant armour
 i - a scroll of magic mapping
 k - a scroll of identify
Potions
 a - a potion of degeneration {unknown}
 g - a potion of brilliance


   Skills:
 + Level 0.3 Fighting
 + Level 0.1 Maces & Flails
 + Level 2.9 Dodging
 - Level 1.4 Stealth
 + Level 6.4 Spellcasting
 + Level 5.7 Conjurations
 + Level 7.2 Ice Magic


You had 11 spell levels left.
You knew the following spells:

 Your Spells              Type           Power      Damage    Failure   Level
a - Freeze                Ice            100%       1d11      1%          1
b - Frozen Ramparts       Ice            76%        1d12      1%          3
c - Hailstorm             Conj/Ice       35%        3d9       6%          4

Your spell library contained the following spells:

 Spells                   Type           Power      Damage    Failure   Level
 Ozocubu's Armour         Ice            38%        N/A       1%          3
 Gell's Gravitas          Tloc           7%         N/A       26%         3
 Lesser Beckoning         Tloc           7%         N/A       26%         3
 Teleport Other           Tloc           7%         N/A       26%         3


Dungeon Overview and Level Annotations

Branches:
Dungeon (6/15) Zot: 1137
 Temple: D:4-7

Altars:
Elyvilon
Makhleb
Sif Muna

Shops:
D:4 [

Annotations:
D:6 hbarley's ghost, novice HOFi


Innate Abilities, Weirdness & Mutations

You passively map a small area around you.
You are easily found by Zot.
You glow in the dark.
You regain HP and MP as you explore.
You sometimes lose your temper in combat.
Your mind is acute. (Int +4, Str/Dex -1)
You occasionally lose the ability to read scrolls when taking damage.
You expend magic power (3 MP) to strengthen your wands.


Message History

Hbarley's ghost is lightly damaged.
Hbarley's ghost closely misses you.
Casting: Frozen Ramparts (safe; 1% risk of failure)
Confirm with . or Enter, or press ? or * to list all spells.
Casting: Frozen Ramparts (safe; 1% risk of failure)
Press: ? - help, Dir - look around, f - activate The walls around you are covered in ice.
The wall freezes hbarley's ghost but does no damage.
Hbarley's ghost barely misses you.
Unknown command.
You hit hbarley's ghost but do no damage.
Hbarley's ghost is lightly damaged.
The wall freezes hbarley's ghost but does no damage.
Hbarley's ghost hits you!
You feel threatened and lose the ability to read scrolls!
The wall freezes hbarley's ghost.
Hbarley's ghost hits you.
You hit hbarley's ghost but do no damage.
Hbarley's ghost is moderately damaged.
The wall freezes hbarley's ghost but does no damage.
Hbarley's ghost hits you but does no damage.
Casting: Frozen Ramparts (safe; 1% risk of failure)
Confirm with . or Enter, or press ? or * to list all spells.
Aiming: Freeze (safe; 1% risk of failure)
Press: ? - help, Shift-Dir - straight line, f - hbarley's ghost
Aim: hbarley's ghost (moderately damaged)
You freeze hbarley's ghost.
Hbarley's ghost is moderately damaged.
The wall freezes hbarley's ghost but does no damage.
Hbarley's ghost barely misses you.
Okay, then.
You hit hbarley's ghost.
Hbarley's ghost convulses.
Hbarley's ghost is moderately damaged.
The wall freezes hbarley's ghost.
Hbarley's ghost hits you!
* * * LOW HITPOINT WARNING * * *
It was a potion of flight.
You feel very buoyant.
You fly up into the air.
The wall freezes hbarley's ghost but does no damage.
Hbarley's ghost hits you!
You die...

)# * , #.# , .# #.# #.# *,* )#
*** ##.########.# .# ,,,
,...#(..(.##.## * .# *,* **
#..#...(.#...## .# *,*
###..'.(...####.# .# *
#....'....(# #.# * .# *
#.#..W..(..####.# .#
######.#.@#(...♣#...## * .# # *
#.........#.....##### * .# #.
#.############### ## .#
#.###.##### #.# #.# ####. .#
#.........#####.# #.# #...*
.#####.....#.......###.######..#
.................#.............#
######.....###.#.#.###.##......##
#.....#, #...# #.#.#......#


You could see hbarley's ghost.

Vanquished Creatures
  Eustachio (D:6)
  A water moccasin (D:6)
  2 scorpions
  A jelly (D:6)
  Crazy Yiuf (D:6)
  An orc priest (D:6)
  A gnoll bouda (D:5)
  3 hounds
  An iguana (D:6)
  3 orc wizards (D:6)
  Robin (D:3)
  11 gnolls
  3 adders
  2 white imps
  An ufetubus (D:4)
  A worm (D:4)
  A dart slug (D:4)
  4 orcs
  An endoplasm (D:2)
  2 giant cockroaches
  12 goblins
  5 hobgoblins
  3 jackals (D:3)
  3 quokkas
  2 ball pythons
  A bat (D:3)
  2 frilled lizards
  4 kobolds
  A rat (D:2)
75 creatures vanquished.

Notes
Turn   | Place    | Note
-------+----------+-------------------------------------------
     0 | D:1      | hawla the Meteoran Ice Elementalist began the quest for the
                  | Orb.
     0 | D:1      | Reached XP level 1. HP: 14/14 MP: 5/5
    78 | D:2      | Reached XP level 2. HP: 14/20 MP: 2/6
    97 | D:2      | Reached skill level 5 in Ice Magic
    97 | D:2      | Reached XP level 3. HP: 24/26 MP: 2/8
   119 | D:2      | Learned a level 3 spell: Frozen Ramparts
   128 | D:2      | Identified the +1 leather armour of Cuerr {Will+ Str+4}
   179 | D:2      | Reached XP level 4. HP: 28/33 MP: 6/9
   184 | D:2      | Learned a level 4 spell: Hailstorm
   267 | D:3      | Noticed Robin
   272 | D:3      | Reached skill level 1 in Conjurations
   275 | D:3      | Killed Robin
   339 | D:4      | Identified the +3 dagger "Pyjauf" {speed, *Rage rF+ rC+++
                  | rCorr}
   547 | D:4      | Reached XP level 5. HP: 38/38 MP: 4/10
   551 | D:4      | Identified the +0 robe of Repulsion {Rampage rPois Dex-5}
   792 | D:4      | Found Tovvan's Armour Emporium.
  1196 | D:5      | Entered Level 5 of the Dungeon
  1423 | D:5      | Reached XP level 6. HP: 25/45 MP: 4/11
  1449 | D:5      | Reached skill level 5 in Conjurations
  1682 | D:5      | Identified the +2 chain mail "Xesogg" {Will+}
  1703 | D:5      | Found a shimmering blue altar of Sif Muna.
  1705 | D:5      | Found a burning altar of Makhleb.
  1706 | D:5      | Found a white marble altar of Elyvilon.
  1794 | D:5      | Reached XP level 7. HP: 44/50 MP: 5/13
  1913 | D:6      | Gained mutation: You are robust. (+10% HP) [potion of
                  | mutation]
  1914 | D:6      | Lost mutation: You are robust. (+10% HP) [potion of
                  | mutation]
  1914 | D:6      | Gained mutation: You expend magic power (3 MP) to
                  | strengthen your wands. [potion of mutation]
  1914 | D:6      | Gained mutation: You occasionally lose the ability to read
                  | scrolls when taking damage. [potion of mutation]
  1914 | D:6      | Gained mutation: You sometimes lose your temper in combat.
                  | [potion of mutation]
  1914 | D:6      | Gained mutation: Your mind is acute. (Int +4, Str/Dex -1)
                  | [potion of mutation]
  1923 | D:6      | Noticed Eustachio
  1926 | D:6      | Reached skill level 6 in Ice Magic
  1936 | D:6      | Killed Eustachio
  1937 | D:6      | Reached skill level 5 in Spellcasting
  2142 | D:6      | Noticed a water moccasin
  2148 | D:6      | Killed a water moccasin
  2149 | D:6      | Reached XP level 8. HP: 57/57 MP: 6/17
  2169 | D:6      | Identified the +4 hammer "Zosiwn" {holy, Dex+6}
  2171 | D:6      | Identified the +8 hammer of Wyrd {vorpal, Fly rN++}
  2181 | D:6      | Found a runed translucent door.
  2182 | D:6      | Noticed Crazy Yiuf
  2226 | D:6      | Killed Crazy Yiuf
  2322 | D:6      | Reached skill level 7 in Ice Magic
  2417 | D:6      | Noticed hbarley's ghost (novice HOFi)
  2418 | D:6      | Found a runed translucent gate.
  2419 | D:6      | Found a runed translucent gate.
  2420 | D:6      | Found a runed translucent gate.
  2433 | D:6      | Slain by hbarley's ghost

Illustrated notes

Levels and vault maps discovered:
D:1:      dpeg_arrival_solitude, layout_basic,
          shapermc_ecumenical_altar_notcrosses
D:2:      layout_loops_cross
D:3:      layout_loops_cross, zin_scriptorium, nrook_uturn, minmay_unequal,
          uniq_robin
D:4:      layout_loops_corners, serial_shops, shop, minmay_bisected
D:5:      layout_basic, minitemple, minmay_statues_item, hangedman_decor_points
D:6:      layout_loops_ring, ebering_ghost_rock_garden, uniq_eustachio,
          uniq_crazy_yiuf_cottage

Skill      XL: |  1  2  3  4  5  6  7  8 |
---------------+-------------------------+-----
Spellcasting   | 3 5 6 |  6.4
Ice Magic      | 5 6 7 |  7.2
Conjurations   | 2 4 5 |  5.7
Fighting       | |  0.3
Maces & Flails | |  0.1
Dodging        | |  2.9
Stealth        | |  1.4

Action                   |  1- 3 |  4- 6 |  7- 9 || total
-------------------------+-------+-------+-------++-------
Melee: Unarmed           |     3 |    13 |    12 ||    28
       Dagger            |       |    24 |       ||    24
       Mace              |       |       |    12 ||    12
 Cast: Freeze            |    23 |    37 |    16 ||    76
       Frozen Ramparts   |       |    13 |    12 ||    25
       Hailstorm         |       |     3 |     3 ||     6
  Use: Scroll            |     2 |     1 |     4 ||     7
       Potion            |       |     2 |     3 ||     5
Armor: Robe              |       |    18 |     9 ||    27
Dodge: Dodged            |    15 |    35 |    18 ||    68
